 Dungeon Crawl Stone Soup version 0.25-a0-860-gf695395b5c (webtiles) character file.

Game seed: 5433687605988356485, levelgen mode: deterministic

8894 Geomchi the Arsonist (level 11, -2/66 HPs)
             Began as a Deep Elf Fire Elementalist on Apr 28, 2020.
             Was a Believer of Sif Muna.
             Slain by a slime creature (13 damage)
             ... on level 12 of the Dungeon.
             The game lasted 00:20:38 (12219 turns).

Geomchi the Arsonist (Deep Elf Fire Elementalist)  Turns: 12219, Time: 00:20:38

Health: -2/66      AC: 12    Str:  5    XL:     11   Next: 15%
Magic:  1/23       EV: 17    Int: 24    God:    Sif Muna [**....]
Gold:   417        SH:  0    Dex: 15    Spells: 10/24 levels left

rFire    + . .     SeeInvis .   H - +5 short sword (curse)
rCold    + . .     Gourm    .   (no shield)
rNeg     . . .     Faith    .   x - +0 robe {rC+}
rPois    .         Spirit   .   (no helmet)
rElec    .         Reflect  .   p - +1 cloak
rCorr    .         Harm     .   C - +2 pair of gloves
MR       +....                  (no boots)
Stlth    ++........             G - amulet of regeneration
HPRegen  0.61/turn              i - +5 ring of protection
MPRegen  0.18/turn              u - ring of protection from fire

@: no status effects
A: no striking features
a: Channel Magic, Renounce Religion


You were on level 12 of the Dungeon.
You worshipped Sif Muna.
Sif Muna was pleased with you.
You were hungry.

You visited 2 branches of the dungeon, and saw 12 of its levels.

You collected 542 gold pieces.
You spent 125 gold pieces at shops.

Inventory:

Hand Weapons
 e - a +0 short sword
 H - a cursed +5 short sword (weapon)
Armour
 b - a +0 buckler
 p - a +1 cloak (worn)
 x - a +0 robe of cold resistance (worn)
 C - a +2 pair of gloves (worn)
Jewellery
 d - an uncursed amulet of magic regeneration
 h - an uncursed ring of positive energy
 i - a +5 ring of protection (left hand)
 m - an uncursed amulet of guardian spirit
 u - a ring of protection from fire (right hand)
 w - an uncursed amulet of regeneration
 G - an amulet of regeneration (around neck)
Wands
 t - a wand of polymorph (6)
 R - a wand of acid (8)
Scrolls
 k - 4 scrolls of remove curse
 o - a scroll of amnesia {unknown}
 q - a scroll of identify
 r - a scroll of immolation {unknown}
 v - 2 scrolls of fear
 y - 2 scrolls of fog {unknown}
 z - a scroll of teleportation
 A - a scroll of noise {unknown}
 B - 3 scrolls of blinking {unknown}
 F - a scroll of acquirement {unknown}
 I - a scroll of magic mapping {unknown}
 K - 2 scrolls of enchant armour {unknown}
 S - a scroll of enchant weapon {unknown}
Potions
 a - 2 potions of brilliance
 f - 2 potions of mutation
 g - a potion of cancellation
 j - a potion of magic
 l - 2 potions of curing
 n - 3 potions of ambrosia
 s - 3 potions of lignification
 D - a potion of flight
 L - a potion of might
 M - a potion of resistance {unknown}
 O - a potion of haste {unknown}
Comestibles
 c - 11 rations


   Skills:
 + Level 6.9 Fighting
 + Level 7.9 Dodging
 - Level 2.4 Stealth
 - Level 7.0 Spellcasting
 + Level 9.7 Conjurations
 + Level 9.8 Fire Magic
 - Level 3.0 Ice Magic
 + Level 3.9 Invocations


You had 10 spell levels left.
You knew the following spells:

 Your Spells              Type           Power        Failure   Level  Hunger
a - Foxfire               Conj/Fire      ####         1%          1    None
c - Sticky Flame          Conj/Fire      ######..     1%          4    ###....
d - Hailstorm             Conj/Ice       #####...     5%          4    ###....
f - Fireball              Conj/Fire      ######....   3%          5    #####..

Your spell library contained the following spells:

 Spells                   Type           Power        Failure   Level  Hunger
 Freeze                   Ice            ###.         1%          1    None
 Conjure Flame            Conj/Fire      ######..     1%          3    None
 Inner Flame              Hex/Fire       ####....     3%          3    None
 Frozen Ramparts          Ice            ###...       6%          3    None
 Beastly Appendage        Tmut           #.....       7%          1    None
 Sticks to Snakes         Tmut           #.......     11%         2    None
 Ozocubu's Armour         Chrm/Ice       ###.....     12%         3    None
 Confusing Touch          Hex            #.......     22%         3    None
 Gell's Gravitas          Tloc           #.........   22%         3    None
 Spider Form              Tmut/Pois      #.........   22%         3    None
 Ice Form                 Ice/Tmut       ###.....     36%         4    ###....
 Summon Ice Beast         Ice/Summ       ###.....     36%         4    ###....
 Petrify                  Tmut/Erth      #.......     56%         4    ###....
 Metabolic Englaciation   Hex/Ice        ###.......   71%         5    #####..
 Blade Hands              Tmut           #.........   89%         5    #####..
 Yara's Violent Unravell  Hex/Tmut       #.........   89%         5    #####..


Dungeon Overview and Level Annotations

Branches:
Dungeon (10/15)            Temple (1/1) D:4
   Lair: D:8-11         Orc: D:9-12

Altars:
Ashenzari
Cheibriados
Dithmenos
Elyvilon
Fedhas
Gozag
Hepliaklqana
Kikubaaqudgha
Makhleb
Nemelex Xobeh
Okawaru
Qazlal
Ru
Sif Muna
Trog
Uskayaw
Vehumet
Wu Jian
Xom
Yredelemnul
Zin
The Shining One

Shops:
D:9 ?


Message History

The slime creature hits you!
You take 8 damage, and have 24/66 hp.
You conjure some foxfire!
The slime creature misses you.
The foxfire hits the slime creature. x2
The slime creature completely misses you.
You now have 1/23 mp.
You conjure some foxfire!
The slime creature misses you.
The foxfire hits the slime creature!
The foxfire hits the slime creature.
The slime creature hits you.
You hit the slime creature. The slime creature hits you!!
* * * LOW HITPOINT WARNING * * *
You take 21 damage, and have 5/66 hp.
MASSIVE DAMAGE!!
You conjure some foxfire!
The slime creature misses you.
The foxfire hits the slime creature but does no damage.
The foxfire hits the slime creature.
The slime creature barely misses you.
You regained 2 hp, and now have 7/66 hp.
You now have 0/23 mp.
The slime creature closely misses you. The slime creature hits you!
You die...

..#.........# #....#..###
###.........#####....#....#
.....................#....##
......#########'#....#.....#
...[..#.........#....##....#
......#.(.......#....##....#
......#.........#....####)J#
......######'####J...#####.######
................@...............J
.................................
.................................
.............##########..........
.............# #..........
.............# ###....######
.............# #......#
.............# #......#
##########...# #......###


You could see a slime creature.

Vanquished Creatures
  Harold (D:9)
  A hydra (D:12)
  2 slime creatures (D:12)
  A deep elf mage (D:12)
  A manticore (D:10)
  Joseph (D:8)
  Maggie (D:9)
  A centaur skeleton (D:12)
  Grinder (D:4)
  A hippogriff (D:10)
  A shadow (D:12)
  A wyvern (D:8)
  2 yaks (D:9)
  2 water moccasins
  3 orc warriors
  2 sky beasts
  2 ice beasts
  5 phantoms
  5 ogres
  A centaur (D:6)
  2 bullfrogs (D:6)
  A water moccasin zombie (D:7)
  12 killer bees
  4 wights (D:6)
  A howler monkey (D:4)
  2 crimson imps
  A centaur zombie (D:7)
  5 jellies
  A quasit (D:7)
  6 hounds
  5 orc priests
  3 bullfrog skeletons
  8 orc wizards
  2 iguanas
  6 worker ants
  A worker ant zombie (D:7)
  4 gnolls (D:6)
  14 adders
  A shadow imp (D:12)
  6 oozes (D:4)
  2 adder zombies (D:5)
  2 adder skeletons
  2 worms (D:2)
  4 dart slugs
  6 leopard geckos
  28 orcs
  A ball python (D:4)
  6 giant cockroaches
  8 goblins
  5 hobgoblins
  8 jackals
  20 kobolds
  2 quokkas
  6 bats
  5 frilled lizards
  6 rats
231 creatures vanquished.

Vanquished Creatures (others)
  743 foxfires
  5 fungi (D:4)
  A plant (D:4)
  5 toadstools (D:4)
754 creatures vanquished.

Grand Total: 985 creatures vanquished

Notes
Turn   | Place    | Note
-------+----------+-------------------------------------------
     0 | D:1      | Geomchi the Deep Elf Fire Elementalist began the quest for
                  | the Orb.
     0 | D:1      | Reached XP level 1. HP: 10/10 MP: 6/6
    75 | D:1      | Reached XP level 2. HP: 15/16 MP: 2/8
   492 | D:1      | Reached XP level 3. HP: 20/20 MP: 4/9
  1142 | D:2      | Reached skill level 1 in Fighting
  1191 | D:2      | Found a hide-covered altar of Uskayaw.
  1393 | D:2      | Reached XP level 4. HP: 15/25 MP: 6/10
  1399 | D:2      | Learned a level 4 spell: Sticky Flame
  1612 | D:2      | You fall into a shaft and drop 2 floors!
  2216 | D:2      | Reached XP level 5. HP: 30/30 MP: 7/11
  2271 | D:2      | Found a shattered altar of Ashenzari.
  3320 | D:3      | Found a sparkling altar of Nemelex Xobeh.
  3424 | D:3      | Reached XP level 6. HP: 35/35 MP: 10/12
  3431 | D:3      | Learned a level 5 spell: Fireball
  4040 | D:4      | Reached skill level 5 in Conjurations
  4040 | D:4      | Reached skill level 5 in Fire Magic
  4106 | D:4      | Reached XP level 7. HP: 40/40 MP: 15/15
  4169 | D:4      | Noticed Grinder
  4171 | D:4      | Paralysed by Grinder for 7 turns
  4190 | D:4      | Killed Grinder
  4511 | D:4      | Found a staircase to the Ecumenical Temple.
  4517 | D:4      | Reached skill level 5 in Spellcasting
  4530 | Temple   | Entered the Ecumenical Temple
  5409 | D:5      | Entered Level 5 of the Dungeon
  5944 | D:5      | Found a glowing golden altar of the Shining One.
  6287 | D:5      | Found a shadowy altar of Dithmenos.
  6797 | D:6      | Reached XP level 8. HP: 48/48 MP: 13/18
  6815 | D:6      | Found a sacrificial altar of Ru.
  6826 | D:6      | Got a bound jade amulet
  7478 | D:6      | Found a shimmering blue altar of Sif Muna.
  7492 | D:6      | Became a worshipper of Sif Muna the Loreminder
  8036 | D:7      | Reached XP level 9. HP: 49/52 MP: 15/21
  8454 | D:7      | Found a basalt altar of Yredelemnul.
  8665 | D:7      | Found a shimmering blue altar of Sif Muna.
  8671 | D:7      | Reached * piety under Sif Muna
  8671 | D:7      | Reached skill level 5 in Fighting
  9239 | D:8      | Noticed Joseph
  9247 | D:8      | Killed Joseph
  9247 | D:8      | Reached skill level 5 in Dodging
  9370 | D:8      | Learned a level 4 spell: Hailstorm
  9637 | D:8      | Found a white marble altar of Elyvilon.
  9718 | D:8      | Reached skill level 1 in Ice Magic
  9985 | D:9      | Found an iron altar of Okawaru.
 10077 | D:9      | Found an opulent altar of Gozag.
 10109 | D:9      | Identified the amulet of the Queen {Inacc Dex+2} (You found
                  | it on level 6 of the Dungeon)
 10120 | D:9      | Found Xeqet's Magic Scroll Shoppe.
 10131 | D:9      | Bought a scroll of teleportation for 30 gold pieces
 10131 | D:9      | Bought a scroll of remove curse for 30 gold pieces
 10131 | D:9      | Bought a scroll of teleportation for 30 gold pieces
 10131 | D:9      | Bought a scroll of fear for 35 gold pieces
 10171 | D:9      | Noticed Maggie
 10183 | D:9      | Killed Maggie
 10183 | D:9      | Reached XP level 10. HP: 59/60 MP: 10/22
 10187 | D:9      | Reached ** piety under Sif Muna
 10508 | D:9      | Noticed Harold
 10526 | D:9      | Killed Harold
 10659 | D:9      | Found a radiant altar of Vehumet.
 10803 | D:9      | Found a snail-covered altar of Cheibriados.
 10803 | D:9      | Found a faded altar of an unknown god.
 10809 | D:9      | Found a faded altar of an unknown god.
 10811 | D:9      | Found a burning altar of Makhleb.
 10813 | D:9      | Found a hazy altar of Hepliaklqana.
 10864 | D:10     | Entered Level 10 of the Dungeon
 10952 | D:10     | Noticed a manticore
 10970 | D:10     | Killed a manticore
 10970 | D:10     | Reached skill level 1 in Invocations
 11068 | D:10     | Found an opulent altar of Gozag.
 11437 | D:10     | You fall into a shaft and drop 2 floors!
 11602 | D:12     | Noticed a five-headed hydra
 11610 | D:12     | Killed a five-headed hydra
 11849 | D:12     | Noticed a deep elf mage
 11861 | D:12     | Killed a deep elf mage
 11861 | D:12     | Reached XP level 11. HP: 65/66 MP: 0/23
 12219 | D:12     | Slain by a slime creature

Levels and vault maps discovered:
D:1:      saegor_arrival_simple_d, layout_basic, serial_bayou_pond_d
D:2:      layout_loops_ring, lemuel_crystal_altar, old_standard_altar
D:3:      layout_basic, nemelex_lonely_heart_becter
D:4:      cheibrodos_fertilizer, layout_loops_ring,
          minmay_temple_entry_overgrown, kennysheep_generic_room_4, uniq_grinder
D:5:      layout_layer_cave, tso_metal_star, grunt_dithmenos_smoke_and_mirrors,
          first_ration
D:6:      layout_loops_cross, lemuel_coloured_pillars_altar,
          minmay_strange_pillars, nicolae_ru_sacrificial_ziggurat
D:7:      kennysheep_orc_sif_temple, layout_cave_pools,
          yredelemnul_altar_generic, serial_glass, glass_columns_a,
          glass_columns_a, glass_columns_a, glass_columns_b
D:8:      layout_cave_pools, elyvilon_altar_3, uniq_joseph
D:9:      layout_small_grid, nicolae_gozag_seed_capital,
          overflow_temple_1_default, chequers_temple_overflow_minitemple,
          nicolae_overflow_crystal_walls, serial_shops, shop, uniq_maggie,
          uniq_harold
D:10:     layout_long_grid, lair_entry_dummy, orc_0_dummy, grunt_livestock,
          minmay_ruined_shrine, uniq_gastronok
D:12:     minmay_opposing_rooms, layout_irregular_city
Temple:   compressed_dpeg_triangle_lava_temple

Skill      XL: |  1  2  3  4  5  6  7  8  9 10 |
---------------+-------------------------------+-----
Conjurations   | 2 3 4 5 6 7 8 9 |  9.7
Fighting       | 1 2 3 4 5 6 |  6.9
Fire Magic     | 4 5 6 7 8 9 |  9.8
Spellcasting   | 4 5 7 |  7.0
Dodging        | 3 5 7 |  7.9
Ice Magic      | 1 3 |  3.0
Invocations    | 3 |  3.9
Stealth        | |  2.4

Action                   |  1- 3 |  4- 6 |  7- 9 | 10-12 || total
-------------------------+-------+-------+-------+-------++-------
Melee: Short sword       |       |     6 |     1 |    14 ||    21
 Cast: Foxfire           |    81 |   150 |   220 |    66 ||   517
       Sticky Flame      |       |     5 |    40 |    24 ||    69
       Fireball          |       |       |     9 |    10 ||    19
       Hailstorm         |       |       |     2 |    11 ||    13
Invok: Channel Magic     |       |       |       |     2 ||     2
Evoke: Wand              |       |       |       |     4 ||     4
  Use: Scroll            |       |       |     8 |     3 ||    11
       Potion            |       |       |       |     2 ||     2
 Stab: Sleeping          |       |     1 |       |       ||     1
  Eat: Chunk             |     1 |     9 |    12 |     8 ||    30
       Ration            |       |       |     4 |     1 ||     5
Armor: Robe              |     1 |     4 |    24 |    26 ||    55
Dodge: Dodged            |     9 |    54 |    91 |    76 ||   230

Table legend:
 A = Non-vault XP
 B = Vault XP
 C = Vault XP percentage of total XP
 D = Non-vault monster count
 E = Vault monster count
 F = Vault count percentage of total count
                 A         B        C        D         E       F
            +---------+---------+-------+---------+---------+-------
      Total |    8331 |    4375 |  34.4 |     198 |      33 |  14.3
            +---------+---------+-------+---------+---------+-------
        D:1 |      46 |       0 |   0.0 |      26 |       0 |   0.0
        D:2 |     144 |       0 |   0.0 |      22 |       0 |   0.0
        D:3 |     135 |       0 |   0.0 |      29 |       0 |   0.0
        D:4 |     442 |     455 |  50.7 |      12 |      18 |  60.0
        D:5 |     171 |       0 |   0.0 |       5 |       0 |   0.0
        D:6 |     924 |       0 |   0.0 |      23 |       0 |   0.0
        D:7 |     955 |     277 |  22.5 |      26 |       5 |  16.1
        D:8 |    1448 |     445 |  23.5 |      18 |       1 |   5.3
        D:9 |     725 |    1402 |  65.9 |      13 |       2 |  13.3
       D:10 |     579 |     783 |  57.5 |       8 |       5 |  38.5
       D:12 |    2762 |    1013 |  26.8 |      16 |       2 |  11.1
            +---------+---------+-------+---------+---------+-------
